AoeStats
← ivcrk826

Arabia

506836975Analyzed
1v1 RM · 16d ago on Sep 15, 2026· 49m 40s· 2 players
Game mode
Random Map
Map size
Tiny (2 player)
Population
200
Speed
Normal
Resources
Standard
Victory
Conquest
Starting age
Dark Age
Ending age
Imperial Age
RankedLock teamsTeams togetherTeam positionsShared explorationLock speedFull tech treeHidden civsTurbo modeCheats
Victory
Defeat
🇩🇪 Magyars · Germany
1139
+16
🇦🇷 Huns · Argentina
1131
-16
ivcrk826
7:10 Loom
9:35 Feudal Age
16:25 Double-Bit Axe
18:36 Forging
23:53 Castle Age
21:51 Horse Collar
22:50 Bloodlines
23:40 Scale Barding Armor
25:32 Husbandry
28:44 Chain Barding Armor
33:03 Ballistics
37:37 Light Cavalry
39:30 Elite Skirmisher
43:06 Imperial Age
40:51 Fletching
41:23 Padded Archer Armor
41:39 Bodkin Arrow
42:44 Leather Archer Armor
44:57 Gold Mining
46:42 Bracer
49:00 Chemistry
BadPing
8:45 Feudal Age
7:49 Loom
10:35 Double-Bit Axe
11:38 Horse Collar
16:49 Bloodlines
16:49 Scale Barding Armor
18:09 Bloodlines
22:42 Castle Age
22:05 Gold Mining
22:21 Fletching
22:32 Padded Archer Armor
23:43 Bow Saw
23:36 Bodkin Arrow
23:59 Leather Archer Armor
25:18 Heavy Plow
29:19 Wheelbarrow
29:55 Thumb Ring
35:49 Imperial Age
33:58 Hand Cart
34:34 Town Watch
35:15 Husbandry
36:34 Ballistics
36:51 Bracer
38:21 Chemistry
37:41 Stone Mining
38:27 Gold Shaft Mining
38:29 Parthian Tactics
38:37 Ring Archer Armor
38:22 Heavy Cavalry Archer
41:45 Elite Magyar Huszar
42:47 Conscription
43:14 Masonry
43:00 Murder Holes
43:21 Recurve Bow
43:24 Corvinian Army
44:42 Hoardings
48:37 Chain Barding Armor
49:45 Siege Engineers
Connection lost

Rejoining the realm…

Still unreachable

The connection could not be restored.

Session expired

The server has moved on; the page needs a fresh start.